 Dungeon Crawl Stone Soup version 0.19.5 (webtiles) character file.

147 IcySystem the Sneak (level 5, -3/24 HPs)
             Began as a Spriggan Enchanter on May 24, 2017.
             Was an Initiate of Dithmenos.
             Slain by an ogre
             ... wielding a +0 giant spiked club
              (27 damage)
             ... on level 4 of the Dungeon.
             The game lasted 00:10:33 (3121 turns).

IcySystem the Sneak (Spriggan Enchanter)            Turns: 3121, Time: 00:10:34

Health: -3/24      AC:  3    Str:  4    XL:     5   Next: 8%
Magic:  9/10       EV: 18    Int: 17    God:    Dithmenos [......]
Gold:   126        SH:  0    Dex: 17    Spells: 1 memorised, 8 levels left

rFire  . . .     SeeInvis +     v - +2 dagger (venom)
rCold  . . .     Gourm    .     b - +1 robe
rNeg   + . .     Faith    .     (shield restricted)
rPois  .         Spirit   .     (helmet restricted)
rElec  .         Reflect  .     (no cloak)
rCorr  .         Harm     .     (gloves unavailable)
MR     .....     Rnd*Tele +     (boots unavailable)
Stlth  +++.......               (no amulet)
                                q - ring of teleportation (curse)
                                r - ring of positive energy

@: very quick
A: unfitting armour, see invisible, herbivore 3, speed 3, slow metabolism 2
a: Renounce Religion


You were on level 4 of the Dungeon.
You worshipped Dithmenos.
Dithmenos was noncommittal.
You were not hungry.

You visited 1 branch of the dungeon, and saw 4 of its levels.

You collected 126 gold pieces.

Inventory:

Hand Weapons
 a - a +1 dagger
 f - a +0 short sword
 i - a +2 dagger of protection
 u - a +0 dagger of protection
 v - a +2 dagger of venom (weapon)
Missiles
 o - 8 curare-tipped needles
Armour
 b - a +1 robe (worn)
Jewellery
 k - an uncursed ring of magical power
 q - a cursed ring of teleportation (right hand)
 r - a ring of positive energy (left hand)
Scrolls
 g - 2 scrolls of teleportation {unknown}
 h - a scroll of fear {unknown}
 l - 2 scrolls of identify {unknown}
 n - 3 scrolls of magic mapping {unknown}
 s - 2 scrolls of amnesia {unknown}
 t - a scroll of random uselessness {unknown}
Potions
 e - 2 potions of mutation {unknown}
 j - a potion of curing
 m - 2 potions of might {unknown}
Books
 c - a book of Maledictions

   Spells                             Type                      Level
   a - Corona                         Hexes                        1
   b - Ensorcelled Hibernation        Hexes/Ice                    2
   c - Confuse                        Hexes                        3
   d - Tukima's Dance                 Hexes                        3
   e - Dazzling Spray                 Conjuration/Hexes            3
Comestibles
 d - 3 bread rations
 p - a royal jelly


   Skills:
 * Level 4.5 Short Blades
 - Level 3.0 Dodging
 + Level 6.1 Stealth
 - Level 2.6 Spellcasting
 - Level 3.6 Hexes


You had 8 spell levels left.
You knew the following spells:

 Your Spells              Type           Power        Failure   Level  Hunger
a - Corona                Hex            ##.....      4%          1    #......


Dungeon Overview and Level Annotations

Branches:
Dungeon (4/15)
 Temple: D:4-7

Altars:
Cheibriados
Dithmenos
Nemelex Xobeh
Sif Muna


Innate Abilities, Weirdness & Mutations

You are very small and have problems with some larger weapons.
You are too small for most types of armour.
You have supernaturally acute eyesight. (SInv)
You are a herbivore.
You cover ground extremely quickly.
You need consume almost no food.


Message History

You kill the worker ant!
Dithmenos accepts your kill.
You have reached level 5!
You feel clever.
Found a stone staircase leading down.
An ogre comes into view. It is wielding a giant spiked club.
The ogre shouts!
Found a scroll labeled PIHUVU EPLO.
Wield which item (- for none, * to show all)? (? for menu, Esc to quit)
Okay, then.
Casting: Corona
Confirm with . or Enter, or press ? or * to list all spells.
Aiming: Corona
Press: ? - help, Shift-Dir - straight line, f - ogre
Aim: an ogre, wielding a giant spiked club (chance to defeat MR: 50%)
The ogre is outlined in light.
You hit the ogre but do no damage.
The ogre is poisoned.
The ogre hits you with a giant spiked club!!
Ouch! That really hurt!
You die...

.....................
...........##..#.....
...............#.##.#
............†.#.#...
..........#..#.#...
......#....#..#
......#.#..#..#
...........#..#
......#..#@#..# ###
.<....#..#O#..#.....
... #..#..........
... #..#.........#
..........?..+
..............#
....#....>.....#
....#..........# ...
.........###


You could see an ogre.

Vanquished Creatures
  A worker ant (D:4)
  2 hound zombies
  5 adders
  An ooze (D:3)
  A worm (D:3)
  3 dart slugs
  An orc (D:4)
  3 bats
  5 goblins
  2 hobgoblins
  4 jackals (D:2)
  2 ball pythons
  4 frilled lizards
  3 kobolds
  5 rats
42 creatures vanquished.

Notes
Turn   | Place    | Note
-------+----------+-------------------------------------------
     0 | D:1      | IcySystem the Spriggan Enchanter began the quest for the Orb.
     0 | D:1      | Reached XP level 1. HP: 9/9 MP: 5/5
   638 | D:1      | Reached XP level 2. HP: 13/13 MP: 6/6
  1345 | D:2      | Reached skill level 5 in Stealth
  1345 | D:2      | Reached XP level 3. HP: 12/16 MP: 8/8
  1588 | D:2      | Found a sparkling altar of Nemelex Xobeh.
  1866 | D:2      | Found a snail-covered altar of Cheibriados.
  2212 | D:3      | Found a deep blue altar of Sif Muna.
  2340 | D:3      | Found a shadowy altar of Dithmenos.
  2355 | D:3      | Became a worshipper of Dithmenos the Shadowed
  2389 | D:3      | Reached XP level 4. HP: 21/21 MP: 9/9
  3043 | D:4      | Reached skill level 6 in Stealth
  3105 | D:4      | Reached XP level 5. HP: 24/24 MP: 10/10
  3112 | D:4      | Noticed an ogre
  3121 | D:4      | Slain by an ogre

Skill      XL: |  1  2  3  4 |
---------------+-------------+-----
Short Blades   | 2 3 4 |  4.5
Stealth        | 5 6 |  6.1
Dodging        | |  3.0
Spellcasting   | |  2.6
Hexes          | |  3.6

Action                   |  1- 3 |  4- 6 || total
-------------------------+-------+-------++-------
Melee: Dagger            |   113 |    46 ||   159
 Cast: Corona            |     3 |     1 ||     4
 Stab: Sleeping          |    12 |     8 ||    20
Armor: Robe              |    27 |     7 ||    34
Dodge: Dodged            |   101 |    20 ||   121
